 Dungeon Crawl Stone Soup version 0.32-a0-913-g739538afd8 (webtiles) character file.

Game seed: 9748941807842594393

5591 Autsider the Fighter (level 10, -6/102 (104) HPs)
             Began as an Oni Hedge Wizard on Apr 8, 2024.
             Was a Believer of Sif Muna.
             Mangled by a red devil
             ... wielding a +3 trident
              (15 damage)
             ... on level 7 of the Dungeon.
             The game lasted 00:47:25 (11144 turns).

Autsider the Fighter (Oni Hedge Wizard)            Turns: 11144, Time: 00:47:25

HP:   -6/102 (104)  AC:  8    Str: 26    XL:     10   Next: 72%
MP:   18/19         EV: 10    Int: 21    God:    Sif Muna [**....]
Gold: 410           SH:  0    Dex:  8    Spells: 13/21 levels left

rFire   . . .        w - +7 staff of the Meek {protect, meekguard}
rCold   . . .        (shield currently unavailable)
rNeg    . . .        a - +0 steam dragon scales
rPois   .            q - +2 hat
rElec   .            (no cloak)
rCorr   .            (gloves unavailable)
SInv    .            (boots unavailable)
Will    +....        m - amulet of regeneration
Stlth   +            F - +6 ring of intelligence
HPRegen 1.17/turn    y - +6 ring of strength
MPRegen 0.16/turn

%: no passive effects
@: spiked, lightly drained
A: large, unfitting armour, horns 1, tough skin 1, double potion healing,
drunken brawling
a: Renounce Religion, Channel Magic


You were on level 7 of the Dungeon.
You worshipped Sif Muna.
Sif Muna was pleased with you.
You visited 2 branches of the dungeon, and saw 9 of its levels.

You collected 410 gold pieces.

Inventory:

Hand Weapons
 b - a +3 spear of freezing
 t - a +0 arbalest
 w - the +7 staff of the Meek (weapon) {protect, meekguard}
   (You found it on level 3 of the Dungeon)
 I - a +1 giant club
 K - the +3 short sword of Beogh's Righteous Fury {freeze, rN+ Str+3}
   (You took it off an orc on level 7 of the Dungeon)

   Str+3:     It affects your strength (+3).
   rN+:       It protects you from negative energy.
 L - a +7 quarterstaff
Armour
 a - +0 steam dragon scales (worn)
 q - a +2 hat (worn)
 D - +0 fire dragon scales
Magical Staves
 u - a staff of alchemy
Jewellery
 m - an amulet of regeneration (around neck)
 n - a ring of resist corrosion
 s - an amulet of magic regeneration
 y - a +6 ring of strength (right hand)
 F - a +6 ring of intelligence (left hand)
Wands
 r - a wand of mindburst (18)
 G - a wand of paralysis (15)
 M - a wand of flame (11)
Scrolls
 c - 3 scrolls of amnesia
 f - a scroll of fog {unknown}
 g - a scroll of enchant armour
 h - a scroll of identify {@r1}
 l - 2 scrolls of vulnerability
 v - 4 scrolls of teleportation {@r2}
 A - a scroll of poison
 E - 2 scrolls of fear
Potions
 d - 2 potions of magic
 e - 3 potions of enlightenment
 j - a potion of ambrosia {unknown}
 k - 3 potions of curing {unknown}
 o - a potion of cancellation
 p - 3 potions of heal wounds {unknown}
 x - a potion of invisibility {unknown}
 z - 2 potions of might {unknown}
 B - a potion of degeneration {unknown}
 C - a potion of mutation {unknown}
 H - a potion of attraction {unknown}
 J - 2 potions of resistance {unknown}


   Skills:
 - Level 8.0 Fighting
 + Level 5.1(5.8) Maces & Flails
 - Level 3.8(5.1) Staves
 + Level 6.3 Dodging
 - Level 1.4 Stealth
 + Level 6.1 Spellcasting
 - Level 4.0 Conjurations
 - Level 3.0 Summonings
 - Level 3.0 Translocations
 - Level 3.0 Air Magic
 - Level 3.0 Alchemy
 + Level 6.5 Invocations


You had 13 spell levels left.
You knew the following spells:

 Your Spells              Type           Power      Damage    Failure   Level
a - Magic Dart            Conj           92%        1d7       1%          1
w - Mephitic Cloud        Conj/Alch/Air  20%        N/A       8%          3
z - Blink                 Tloc           38%        N/A       4%          2
A - Call Imp              Summ           38%        N/A       4%          2

Your spell library contained the following spells:

 Spells                   Type           Power      Damage    Failure   Level
 Momentum Strike          Conj/Tloc      42%        3d9       3%          2
 Foxfire                  Conj/Fire      56%        2x1d6     4%          1
 Lesser Beckoning         Tloc           38%        N/A       4%          2
 Cigotuvi's Dreadful Rot  Necr/Alch/Air  28%        N/A       6%          2
 Slow                     Hex            24%        N/A       10%         1
 Plasma Beam              Fire/Air       6%         2x1d16    100%        6
 Starburst                Conj/Fire      7%         6d4       100%        6


Dungeon Overview and Level Annotations

Branches:
Dungeon (8/15)             Temple (1/1) D:4
   Lair: D:8-11

Altars:
Ashenzari
Cheibriados
Dithmenos
Elyvilon
Gozag
Kikubaaqudgha
Makhleb
Nemelex Xobeh
Okawaru
Qazlal
Ru
Sif Muna
Trog
Uskayaw
Vehumet
Wu Jian
Yredelemnul
Zin

Shops:
D:4 (   D:6 =   D:8 ![(

Annotations:
D:2 exclusion: downstairs
D:3 exclusion: downstairs
D:5 1 runed translucent door, exclusion: downstairs, Crazy Yiuf
D:6 exclusion: 2 downstairs
D:7 exclusion: 3 downstairs
D:8 Jeremiah


Innate Abilities, Weirdness & Mutations

You are too large for most types of armour.
You have a pair of small horns on your head.
You have tough skin. (AC +1)
You gain doubled healing and magic from potions.
Whenever you drink a healing potion, you attack all around you.


Message History

The red devil is moderately wounded.
The red devil hits you with a +3 trident!
* * * LOW HITPOINT WARNING * * *
More barbed spikes become lodged in your body.
You closely miss the red devil. Your headbutt misses the red devil.
The red devil is moderately wounded.
The red devil barely misses you.
Your cerulean imp misses the red devil.
You completely miss the red devil.
The red devil is moderately wounded.
The red devil hits you with a +3 trident!
* * * LOW HITPOINT WARNING * * *
More barbed spikes become lodged in your body.
Your cerulean imp hits the red devil but does no damage.
You sock the red devil!
Your weapon exudes an aura of protection.
Your headbutt misses the red devil.
The red devil is severely wounded.
The red devil hits you with a +3 trident.
* * * LOW HITPOINT WARNING * * *
More barbed spikes become lodged in your body.
Your cerulean imp hits the red devil but does no damage.
You closely miss the red devil.
The red devil is severely wounded.
The red devil barely misses you.
Your cerulean imp hits the red devil but does no damage.
You completely miss the red devil.
The red devil is severely wounded.
The red devil barely misses you.
Your cerulean imp barely misses the red devil.
You closely miss the red devil.
The red devil is severely wounded.
The red devil hits you with a +3 trident!!
* * * LOW HITPOINT WARNING * * *
More barbed spikes become lodged in your body.
Your cerulean imp barely misses the red devil.
Your magical effects are unravelling.
You feel magically purged.
You are no longer corroded.
The red devil hits you with a +3 trident!
You die...

#......# #.###..###...#. #......#
##########..#..## #...#. #......#
###########)#.#####...#. #......#
###########......#.#.#.# #......#
###########..##..#.#.#.#
#......#############..###.#.#.#.#
#####.......########..####...#...
##...##...######..## #...#.<.
###...##..4@5....## #...#...
###..#######...## ##.#.#.#
##.#######.#.## #.#.#.#
##..######.#.## #.#.#.#
#####.....##.#..# ##...#.
#.......#.......#####...#.
#.......##.##.......#...#.
#..........####.###.##.#.#
#(..............###[.#.#.#


You could see a red devil (ally target) and a friendly cerulean imp (summoned).

Vanquished Creatures
  Joseph (D:7)
  Maggie (D:7)
  A gargoyle (D:6)
  A red devil (D:8)
  Grinder (D:6)
  A hornet (D:8)
  8 yaks
  An acid dragon (D:8)
  A water moccasin (D:7)
  Menkaure (D:7)
  A sky beast (D:6)
  An ice beast (D:5)
  A black bear (D:7)
  2 ogres
  3 centaurs
  A phantom (D:4)
  2 scorpions
  13 wights
  A bombardier beetle (D:3)
  4 hounds
  4 orc priests
  2 gnoll boudas
  2 jellies
  A sleepcap (D:4)
  4 iguanas
  5 orc wizards
  7 gnolls
  2 adders
  A shadow imp (D:6)
  A white imp (D:5)
  A ribbon worm (D:2)
  2 dart slugs
  25 orcs
  6 endoplasms
  5 giant cockroaches
  11 goblins
  6 hobgoblins
  12 jackals
  3 quokkas
  10 ball pythons
  7 bats
  6 frilled lizards
  7 kobolds
  8 rats
184 creatures vanquished.

Vanquished Creatures (collateral kills)
  Prince Ribbit (D:5)
  A ribbon worm (D:2)
  An endoplasm (D:2)
  A kobold (D:3)
  A bat (D:2)
5 creatures vanquished.

Vanquished Creatures (others)
  A gnoll (D:8)
1 creature vanquished.

Grand Total: 190 creatures vanquished

Notes
Turn   | Place    | Note
-------+----------+-------------------------------------------
     0 | D:1      | Autsider the Oni Hedge Wizard began the quest for the Orb.
     0 | D:1      | Reached XP level 1. HP: 16/16 MP: 5/5
   146 | D:1      | Reached skill level 1 in Fighting
   266 | D:1      | Reached XP level 2. HP: 27/27 MP: 3/6
   704 | D:1      | Reached skill level 2 in Fighting
   855 | D:1      | Reached XP level 3. HP: 32/35 MP: 1/8
  2151 | D:2      | Learned a level 2 spell: Blink
  2154 | D:2      | Learned a level 2 spell: Call Imp
  2340 | D:2      | Reached skill level 1 in Translocations
  2653 | D:2      | Reached skill level 1 in Summonings
  2760 | D:2      | Reached XP level 4. HP: 40/44 MP: 0/9
  2765 | D:2      | Reached skill level 3 in Fighting
  2855 | D:2      | Reached skill level 1 in Conjurations
  3331 | D:3      | Found a broken altar of Ashenzari.
  3404 | D:3      | Found the +7 staff of the Meek {protect, meekguard}
  3875 | D:3      | Noticed an ogre
  4121 | D:4      | Found a shadowy altar of Dithmenos.
  4133 | D:3      | Reached XP level 5. HP: 32/53 MP: 8/10
  4307 | D:4      | Reached skill level 1 in Maces & Flails
  4557 | D:4      | Reached XP level 6. HP: 62/62 MP: 9/11
  4583 | D:4      | Reached skill level 4 in Fighting
  4711 | D:4      | Found a staircase to the Ecumenical Temple.
  4727 | Temple   | Entered the Ecumenical Temple
  4749 | Temple   | Became a worshipper of Sif Muna the Loreminder
  4777 | D:4      | Found Wasch's Antique Weapon Emporium.
  5039 | D:4      | Reached skill level 5 in Fighting
  5175 | D:5      | Entered Level 5 of the Dungeon
  5372 | D:5      | Noticed Prince Ribbit
  5393 | D:5      | Reached XP level 7. HP: 28/72 MP: 5/12
  5401 | D:5      | Killed Prince Ribbit
  5402 | D:5      | Reached skill level 6 in Fighting
  5614 | D:5      | Found a bloodstained altar of Trog.
  5802 | D:5      | Reached skill level 5 in Dodging
  6219 | D:5      | Reached * piety under Sif Muna
  6220 | D:5      | Reached skill level 7 in Fighting
  6220 | D:5      | Reached XP level 8. HP: 74/87 MP: 7/14
  6386 | D:5      | Found a runed translucent door.
  6387 | D:5      | Noticed Crazy Yiuf
  6510 | D:5      | Learned a level 3 spell: Mephitic Cloud
  6637 | D:6      | Noticed Grinder
  6638 | D:6      | Found Heukasch's Jewellery Shop.
  6917 | D:6      | Found an ancient bone altar of Kikubaaqudgha.
  6977 | D:6      | Reached skill level 1 in Air Magic
  6977 | D:6      | Paralysed by Grinder for 4 turns
  6985 | D:6      | Killed Grinder
  6986 | D:6      | Reached skill level 8 in Fighting
  6986 | D:6      | Reached skill level 1 in Alchemy
  6986 | D:6      | Found an ornate altar of the Wu Jian Council.
  7039 | D:6      | Noticed a gargoyle
  7117 | D:6      | Noticed a yak
  7136 | D:6      | Noticed a yak
  7138 | D:6      | Noticed a yak
  7140 | D:6      | Noticed a yak
  7143 | D:6      | Killed a gargoyle
  7144 | D:6      | Reached skill level 1 in Invocations
  7144 | D:6      | Reached XP level 9. HP: 46/96 MP: 15/15
  7154 | D:6      | Reached skill level 1 in Staves
  7892 | D:7      | Shit, just realized that I was training staff, not Maces &
                  | Flails (and so crosstraining stafs). Hope this little
                  | mistake kan be forgiven for the challenge :D
  7936 | D:7      | Noticed Joseph
  7941 | D:7      | Noticed Maggie
  8101 | D:7      | Identified the +3 short sword of Beogh's Righteous Fury
                  | {freeze, rN+ Str+3}
  8215 | D:7      | Killed Maggie
  8448 | D:7      | Killed Joseph
  8449 | D:7      | Reached XP level 10. HP: 40/104 MP: 13/16
  8702 | D:7      | Reached skill level 5 in Invocations
  8711 | D:7      | Noticed Menkaure
  8730 | D:7      | Killed Menkaure
  8841 | D:7      | Found a white marble altar of Elyvilon.
  8906 | D:7      | Identified the +0 plate armour of the Arena {rC+ Slay+6}
  8961 | D:8      | Noticed Jeremiah
  8961 | D:8      | Noticed a two-headed ogre
  9108 | D:8      | Reached skill level 5 in Spellcasting
  9511 | D:8      | Reached ** piety under Sif Muna
 10433 | D:8      | Found Rurelob's Antique Armour Boutique.
 10876 | D:8      | Reached skill level 5 in Maces & Flails
 10923 | D:8      | Found Babaud Numogg's Antique Weapon Emporium.
 11104 | D:8      | Found Raengas's Distillery.
 11144 | D:7      | Mangled by a red devil

Illustrated notes

$. .#
.###
... #
.. .#
.##.#
#...#
#@#
#.##
#S #.
#. ..
.. ..


Turn 7892 on D:7: Shit, just realized that I was training staff, not Maces &
Flails (and so crosstraining stafs). Hope this little mistake kan be forgiven
for the challenge :D

Levels and vault maps discovered:
D:1:      dpeg_arrival_concentric_ovals, layout_basic, serial_corexii_hall,
          corexii_hall_statues_i, chequers_hall_statues_corner_a,
          corexii_hall_statues_x, chequers_hall_statues_corner_a,
          minmay_tromino_i4
D:2:      layout_loops_cross, kennysheep_generic_room_6
D:3:      minmay_spotlight, layout_basic, ashenzari_altar_1, st_stairs_3
D:4:      layout_basic, overflow_temple_1_default,
          minmay_temple_entry_sparse_star, nicolae_stop_n_shop_2,
          hangedman_minor_gate_pass
D:5:      layout_cave_pods, mainiacjoe_overflow_brackets,
          uniq_crazy_yiuf_cottage, uniq_prince_ribbit1
D:6:      layout_rooms, nicolae_wu_jian_wuxing_cycle,
          mainiacjoe_overflow_boulevard, serial_shops, shop, uniq_grinder
D:7:      nicolae_BIG_FREAKIN_CUBE, layout_rooms,
          mainiacjoe_overflow_tiny_flanked, uniq_menkaure, uniq_maggie,
          uniq_joseph
D:8:      layout_cave_pools, serial_shops, shop, shop, shop,
          nicolae_lakefront_shop, einodemon_armed_red_devil_minivault,
          uniq_jeremiah
Temple:   hellmonk_temple_forest_ring

Skill      XL: |  1  2  3  4  5  6  7  8  9 10 |
---------------+-------------------------------+-----
Fighting       | 1 2 3 5 7 8 |  8.0
Dodging        | 2 3 4 5 6 |  6.3
Translocations | 1 2 3 |  3.0
Summonings     | 1 2 3 |  3.0
Conjurations   | 1 2 3 4 |  4.0
Maces & Flails | 1 3 5 |  5.1
Spellcasting   | 4 6 |  6.1
Air Magic      | 3 |  3.0
Alchemy        | 3 |  3.0
Invocations    | 1 4 6 |  6.5
Staves         | 3 |  3.8
Stealth        | |  1.4

Action                     |  1- 3 |  4- 6 |  7- 9 | 10-12 || total
---------------------------+-------+-------+-------+-------++-------
  Melee: Club              |    27 |    14 |       |       ||    41
         Headbutt          |     4 |     6 |    17 |    19 ||    46
         Quarterstaff      |       |    89 |   132 |   121 ||   342
   Cast: Magic Dart        |   111 |    60 |    84 |    68 ||   323
         Call Imp          |     2 |    18 |    22 |    11 ||    53
         Mephitic Cloud    |       |       |       |    13 ||    13
  Evoke: Wand              |       |       |     5 |       ||     5
    Use: Scroll            |       |     7 |       |     4 ||    11
         Potion            |       |       |       |     1 ||     1
   Stab: Sleeping          |       |     1 |     1 |       ||     2
 Armour: Skin              |    32 |   117 |   103 |    96 ||   348
         Steam dragon scal |       |       |       |    52 ||    52
  Dodge: Dodged            |    36 |    80 |    86 |   101 ||   303

Table legend: (Time is in decaauts)
 A = Elapsed time spent in this place.
 B = Non-inter-level travel time spent in this place.
 C = Inter-level travel time spent in this place.
 D = Time resting spent in this place.
 E = Time spent auto-exploring this place.
 F = Levels seen in this place.
 G = Mean time per level.
                   A        B        C        D        E       F      G
               +--------+--------+--------+--------+--------+-----+--------+
         Total |  11248 |   9699 |   1549 |   1884 |   5625 |   9 | 1249.8 |
       Dungeon |  11191 |   9684 |   1507 |   1884 |   5625 |   8 | 1398.9 |
        Temple |     57 |     15 |     42 |      0 |      0 |   1 |   57.0 |
               +--------+--------+--------+--------+--------+-----+--------+

Top non-repeatable levels by time:
     D:7: 2372 daAuts
     D:1: 1999 daAuts
     D:5: 1561 daAuts
     D:2: 1474 daAuts
     D:3: 1197 daAuts
     D:6: 1032 daAuts
     D:4: 994 daAuts
     D:8: 560 daAuts
  Temple: 57 daAuts
